 Dungeon Crawl Stone Soup version 0.31.0-9-g3a7656b989 (webtiles) character file.

Game seed: 17659954084006332551

133 qw the Shooter (level 4, -2/23 HPs)
             Began as a Spriggan Hunter on Feb 2, 2024.
             Killed by divine providence
             ... invoked by an orc priest
              (14 damage)
             ... on level 3 of the Dungeon.
             The game lasted 00:00:05 (1693 turns).

qw the Shooter (Spriggan Hunter)                    Turns: 1693, Time: 00:00:05

Health: -2/23      AC:  2    Str:  7    XL:     4   Next: 93%
Magic:  5/5        EV: 20    Int: 10    God:
Gold:   113        SH:  0    Dex: 20    Spells: 3/3 levels left

rFire   . . .        a - +0 shortbow
rCold   . . .        (shield currently unavailable)
rNeg    . . .        c - +0 robe
rPois   .            (helmet restricted)
rElec   .            (no cloak)
rCorr   .            (gloves unavailable)
SInv    +            (boots unavailable)
Will    .....        (no amulet)
Stlth   ++           (no ring)
HPRegen 0.23/turn    (no ring)
MPRegen 0.09/turn

%: no passive effects
@: very quick
A: very small, no large weapons, unfitting armour, see invisible, speed 3
a: no special abilities


You were on level 3 of the Dungeon.
You visited 1 branch of the dungeon, and saw 3 of its levels.

You collected 113 gold pieces.


Innate Abilities, Weirdness & Mutations

You are very small and have problems with some larger weapons.
You are too small for most types of armour.
You have supernaturally acute eyesight. (SInv)
You cover ground extremely quickly. (Speed+++)


   Skills:
 - Level 2.0 Fighting
 + Level 5.1 Ranged Weapons
 - Level 5.0 Dodging
 - Level 1.5 Stealth


You had 3 spell levels left.
You didn't know any spells.
Your spell library was empty.

Inventory:

Hand Weapons
 a - a +0 shortbow (weapon)
Armour
 c - a +0 robe (worn)
Wands
 n - a wand of flame (11)
Potions
 d - a potion of curing
 g - a potion of ambrosia {unknown}
 h - a potion of might {unknown}
 i - a potion of heal wounds {unknown}
 k - a potion of brilliance {unknown}
 m - a potion of mutation {unknown}

Dungeon Overview and Level Annotations

Branches:
Dungeon (3/15)

Altars:
Makhleb

Annotations:
D:3 Robin


Message History

The goblin barely misses you.
You shoot an arrow.
The arrow hits the goblin but does no damage.
You hear a bark!
The orc priest miscasts a cantrip.
The goblin closely misses you.
A jackal comes into view.
The goblin misses you.
You shoot an arrow. The arrow barely misses the goblin.
The arrow hits the goblin.
You kill the goblin!
The goblin closely misses you.
Your Fighting skill increases to level 2!
You shoot an arrow.
The arrow hits the jackal but does no damage.
The jackal closely misses you.
The orc priest looks braver for a moment.
The goblin hits you with a +0 dagger.
You shoot an arrow.
The arrow hits the jackal but does no damage.
The jackal misses you.
An orc priest comes into view. It is wielding a +0 dagger.
The orc priest looks satisfied for a moment.
The goblin hits you with a +0 dagger. The jackal completely misses you.
You shoot an arrow. The arrow barely misses the jackal.
The jackal misses you. The goblin hits you with a +0 dagger.
You shoot an arrow.
The arrow hits the jackal but does no damage.
The jackal misses you.
An endoplasm comes into view.
Robin of the Strong Arm comes into view.
They are wielding a +2 short sword of electrocution.
The goblin completely misses you.
The jackal bites you but does no damage.
You shoot an arrow. The arrow closely misses the jackal.
The jackal misses you. The goblin hits you but does no damage.
The jackal closely misses you.
The orc priest invokes the aid of Beogh against you.
Beogh smites you!
Ouch! That really hurt!
You die...

. .g. .J.o.#####
#olg@.# ..#####h#
_.....'.## .#####
..#####..#
.....#####......#
#.......###..###
#..............#
#...#######.##.#
#.........#.#..#


You could see Robin, 2 orc priests, an endoplasm, a jackal, a goblin and a
frilled lizard.

Vanquished Creatures
  A hound (D:2)
  Jessica (D:2)
  3 adders (D:2)
  2 dart slugs (D:2)
  4 ball pythons (D:2)
  2 bats (D:2)
  4 endoplasms (D:2)
  A giant cockroach (D:2)
  7 goblins
  5 hobgoblins
  4 jackals
  A quokka (D:2)
  A frilled lizard (D:2)
  4 kobolds (D:2)
  3 rats
43 creatures vanquished.

Notes
Turn   | Place    | Note
-------+----------+-------------------------------------------
     0 | D:1      | qw the Spriggan Hunter began the quest for the Orb.
     0 | D:1      | Reached XP level 1. HP: 10/10 MP: 2/2
     0 | D:1      | 0 ||| qw: Version: 0.3-a-155-g5e7d8dd
     0 | D:1      | 0 ||| qw: Game counter: 2402
     0 | D:1      | 0 ||| qw: Melee chars always use a shield: true
     0 | D:1      | 0 ||| qw: God list: Okawaru
     0 | D:1      | 0 ||| qw: Allow faded altars: false
     0 | D:1      | 0 ||| qw: Do Orc after clearing Dungeon:15 true
     0 | D:1      | 0 ||| qw: Do second Lair branch before Depths: true
     0 | D:1      | 0 ||| qw: Lair rune preference: random
     0 | D:1      | 0 ||| qw: Goals: Normal
     0 | D:1      | 0 ||| PLANNING D:1-11
   138 | D:1      | Reached skill level 3 in Dodging
   138 | D:1      | Found a faded altar of an unknown god.
   686 | D:1      | 686 ||| READING 2 scrolls labelled MAOTHIR POO.
   687 | D:1      | 687 ||| DROPPING scroll of butterflies.
   688 | D:1      | 688 ||| DROPPING scroll of blinking.
   730 | D:2      | Reached XP level 2. HP: 14/14 MP: 3/3
   849 | D:2      | Reached XP level 3. HP: 12/18 MP: 4/4
   879 | D:2      | Noticed Jessica
   881 | D:2      | Killed Jessica
   905 | D:2      | Reached XP level 4. HP: 17/22 MP: 5/5
  1459 | D:2      | 1459 ||| READING 2 scrolls labelled WEMIXKATUD.
  1460 | D:2      | 1460 ||| READING scroll labelled INEOCR BEIV.
  1561 | D:2      | 1561 ||| READING scroll labelled GASYBIE ZULE.
  1561 | D:2      | 1561 ||| IDENTIFYING orange potion
  1562 | D:2      | 1562 ||| READING scroll labelled TUV IKOATS.
  1563 | D:2      | 1563 ||| DRINKING 2 fuming coppery potions.
  1564 | D:2      | 1564 ||| DROPPING scroll of amnesia.
  1565 | D:2      | 1565 ||| DROPPING potion of attraction.
  1665 | D:3      | Found a burning altar of Makhleb.
  1692 | D:3      | Noticed Robin
  1693 | D:3      | Killed from afar by an orc priest

Levels and vault maps discovered:
D:1:      roadster_arrival_rocket_large, layout_basic,
          hellmonk_ecumenical_altar_zigzags
D:2:      layout_loops_ring, uniq_jessica
D:3:      layout_basic, mainiacjoe_overflow_surrounded_room,
          serial_co_window_serial, co_window_corner_a, co_window_corner_a,
          co_window_corner_a, co_window_paths_a, co_window_paths_b,
          co_window_corner_b, co_window_corner_b, co_window_broadway_b,
          co_window_broadway_c, co_window_of_opportunity_c, co_window_4corner_b,
          co_window_4corner_a, uniq_crazy_yiuf_cottage, uniq_robin,
          uniq_terence, uniq_sigmund, uniq_ijyb

Skill      XL: |  1  2  3  4 |
---------------+-------------+-----
Dodging        | 3 4 5 |  5.0
Ranged Weapons | 5 |  5.1
Fighting       | 2 |  2.0
Stealth        | |  1.5

Action                     |  1- 3 |  4- 6 || total
---------------------------+-------+-------++-------
   Fire: Shortbow          |    57 |    52 ||   109
    Use: Scroll            |     1 |     4 ||     5
         Potion            |       |     1 ||     1
 Armour: Robe              |     5 |     6 ||    11
  Dodge: Dodged            |     9 |    25 ||    34

Table legend:
 A = Non-vault XP
 B = Vault XP
 C = Vault XP percentage of total XP
 D = Non-vault monster count
 E = Vault monster count
 F = Vault count percentage of total count
                 A         B        C        D         E       F
            +---------+---------+-------+---------+---------+-------
      Total |     137 |      53 |  27.9 |      34 |       9 |  20.9
            +---------+---------+-------+---------+---------+-------
        D:1 |       4 |       0 |   0.0 |       3 |       0 |   0.0
        D:2 |     130 |      37 |  22.2 |      29 |       1 |   3.3
        D:3 |       3 |      16 |  84.2 |       2 |       8 |  80.0
            +---------+---------+-------+---------+---------+-------
